 Dungeon Crawl Stone Soup version 0.19-a0-680-gdf79c29 (webtiles) character file.

28 MackTheKnife the Caller (level 3, -1/26 HPs)
             Began as a Demonspawn Wanderer on June 17, 2016.
             Slain by a hobgoblin (3 damage)
             ... on level 1 of the Dungeon.
             The game lasted 00:02:52 (2128 turns).

MackTheKnife the Caller (Demonspawn Wanderer)       Turns: 2128, Time: 00:02:52

Health: -1/26      AC:  2    Str: 13    XL:     3   Next: 0%
Magic:  4/4        EV: 11    Int: 12    God:
Gold:   39         SH:  0    Dex: 13    Spells: 1 memorised, 2 levels left

rFire  + . .     SeeInvis .     i - +0 mace
rCold  + . .     Gourm    .     d - +0 robe
rNeg   . . .     Faith    .     (no shield)
rPois  +         Spirit   .     (no helmet)
rElec  +         Dismiss  .     (no cloak)
rCorr  +         Reflect  .     (no gloves)
SustAt .         Harm     .     (no boots)
MR     .....                    (no amulet)
Stlth  ++........               (no ring)
                                (no ring)

@: resistant, not resistant to hostile enchantments, unstealthy
A: nightstalker 1, powered by pain 1
a: no special abilities


You were on level 1 of the Dungeon.
You were hungry.

You visited 1 branch of the dungeon, and saw 1 of its levels.

You collected 39 gold pieces.

Inventory:

Hand Weapons
 i - a +0 mace (weapon)
   (You took it off a hobgoblin on level 1 of the Dungeon)
Armour
 a - a +0 shield
 d - a +0 robe (worn)
Scrolls
 c - a scroll of enchant weapon {unknown}
 g - a scroll of immolation {unknown}
 h - 2 scrolls of identify {unknown}
Books
 b - the Compendium of Confrontation

   Spells                             Type                      Level
   a - Throw Flame                    Conjuration/Fire             2
   b - Throw Frost                    Conjuration/Ice              2
Comestibles
 f - a bread ration {@e1}
 j - 3 fruits


   Skills:
 - Level 1.0 Fighting
 + Level 2.1 Maces & Flails
 - Level 1.7 Shields
 - Level 1.0 Spellcasting
   Level 5.0 Summonings
   Level 1.7 Transmutations


You had 2 spell levels left.
You knew the following spells:

 Your Spells              Type           Power        Failure   Level  Hunger
x - Throw Flame           Conj/Fire      #.....       52%         2    ###....


Dungeon Overview and Level Annotations

Branches:
Dungeon (1/15)

Altars:


Innate Abilities, Weirdness & Mutations

You are slightly more attuned to the shadows.
You sometimes gain a little power by taking damage.


Message History

You kill the ball python!
No target in view!
A giant cockroach comes into view.
A giant cockroach is nearby!
A giant cockroach is nearby!
The giant cockroach bites you but does no damage.
You hit the giant cockroach.
You kill the giant cockroach!
No target in view!
No target in view!
You see here a giant cockroach corpse.
You butcher the giant cockroach corpse.
k - a chunk of flesh {@w0} Eating a chunk of flesh {@w0}.
You are feeling hungry.
You continue eating. x2
A hobgoblin comes into view. It is wielding a club.
Health restored: 21 A hobgoblin is nearby!
A hobgoblin is nearby!
The helpless hobgoblin fails to defend itself.
You hit the hobgoblin but do no damage. The hobgoblin hits you with a club.
You take 3 damage, and have 18/21 hp.
You hit the hobgoblin.
You kill the hobgoblin!
Your Maces & Flails skill increases to level 2!
No target in view!
No target in view!
Things that are here:
a club; a hobgoblin corpse A jackal comes into view.
The jackal barks!
A jackal comes into view.
There are monsters nearby!
You closely miss the jackal.
The jackal barks!
The jackal barely misses you. The jackal bites you.
A kobold comes into view.
You take 2 damage, and have 17/21 hp.
You closely miss the jackal.
The kobold shouts!
The jackal closely misses you.
You miss the jackal. The jackal misses you. The jackal bites you.
A kobold comes into view. It is wielding a short sword of venom.
You take 1 damage, and have 16/21 hp.
The kobold shouts!
You hit the jackal. The jackal completely misses you.
The jackal barely misses you.
You hit the jackal.
You kill the jackal!
The jackal barely misses you.
You barely miss the jackal. The jackal bites you. x2
You take 2 damage, and have 14/21 hp.
You barely miss the jackal. The jackal bites you. x2
You take 2 damage, and have 12/21 hp.
You are too injured to fight recklessly!
You are too injured to fight recklessly!
You are too injured to fight recklessly!
You barely miss the jackal. The jackal barely misses you. x2
You closely miss the jackal.
The jackal bites you but does no damage.
The jackal bites you.
You take 2 damage, and have 10/21 hp.
You hit the jackal but do no damage. The jackal barely misses you.
The jackal bites you but does no damage.
You hit the jackal.
You kill the jackal!
The jackal bites you but does no damage.
You hit the jackal but do no damage. The jackal bites you.
The jackal barely misses you.
You take 3 damage, and have 7/21 hp.
You closely miss the jackal. The jackal bites you.
* * * LOW HITPOINT WARNING * * *
The jackal closely misses you.
You take 2 damage, and have 5/21 hp.
You hit the jackal. The jackal barely misses you.
The jackal bites you but does no damage.
You hit the jackal but do no damage. The jackal closely misses you. x2
It was a potion of resistance.
You feel protected. The jackal barely misses you.
You closely miss the jackal.
The jackal bites you but does no damage.
The jackal bites you.
* * * LOW HITPOINT WARNING * * *
You take 2 damage, and have 3/21 hp.
You sock the jackal!
You kill the jackal!
You have reached level 3!
Your experience leads to an increase in your attributes!
Increase (S)trength, (I)ntelligence, or (D)exterity?
You feel agile.
Your demonic ancestry asserts itself...
You feel energised by your suffering. The kobold hits you.
* * * LOW HITPOINT WARNING * * *
You take 2 damage, and have 1/26 hp.
MP restored: 4 A hobgoblin comes into view.
The hobgoblin hits you.
You die...

###.### #.♣.♣######### #.....#
#.♣.♣ # . #.....######...# #
.####.. #......K.#.....#### #
......#.#.....##.#........#######
......#..........#...............
......##.#'.##.#K#......#.#.#.#.#
.#....##....##.#.#....>..........
.#....###......#@#......#.#.#.#.#
............##.#g#..........>....
............##..........#.#.#.#.#
#..♣.♣......##..........#########
#...........##).........#
#..♣.♣.♣....##..........#
#...........##....♣P......
#..♣.♣)♣..#.##.....P...... #
####.(....#..#...........) #


You could see a hobgoblin and 2 kobolds.

Vanquished Creatures
  A ball python (D:1)
  3 giant cockroaches (D:1)
  A goblin (D:1)
  5 hobgoblins (D:1)
  3 jackals (D:1)
  2 quokkas (D:1)
  2 bats (D:1)
  A giant newt (D:1)
  4 kobolds (D:1)
  2 rats (D:1)
24 creatures vanquished.

Notes
Turn   | Place    | Note
--------------------------------------------------------------
     0 | D:1      | MackTheKnife the Demonspawn Wanderer began the quest for the Orb.
     0 | D:1      | MackTheKnife set off with: a +0 shield, the Compendium of Confrontation, a scroll of teleportation, a +0 robe, a +0 club, a bread ration {@e1}
     0 | D:1      | Reached XP level 1. HP: 13/13 MP: 2/2
     0 | D:1      | Identified the Compendium of Confrontation
   120 | D:1      | Reached skill level 1 in Fighting
   373 | D:1      | HP: 1/15 [hobgoblin/club (3)]
   814 | D:1      | Reached skill level 1 in Maces & Flails
  1060 | D:1      | Gained mutation: You are slightly more attuned to the shadows. [demonic ancestry]
  1060 | D:1      | Reached XP level 2. HP: 16/21 MP: 3/3
  1298 | D:1      | Learned a level 2 spell: Throw Flame
  2091 | D:1      | Reached skill level 2 in Maces & Flails
  2110 | D:1      | HP: 5/21 [jackal (2)]
  2115 | D:1      | Gained mutation: You sometimes gain a little power by taking damage. [demonic ancestry]
  2115 | D:1      | Reached XP level 3. HP: 3/26 MP: 4/4
  2115 | D:1      | HP: 1/26 [kobold (2)]
  2128 | D:1      | Slain by a hobgoblin

Vault maps used:
D:1:      onia_arrival_larder, serial_forest, infiniplex_forest_straight_3,
          infiniplex_forest_clump_double, infiniplex_forest_lined_corner,
          infiniplex_forest_lined_3_way, infiniplex_forest_fountain,
          infiniplex_forest_corner_2, infiniplex_forest_clump_small,
          serial_park_tiny_1, solitary_fountain, st_stairs_13,
          columned_hall_lemuel

Skill      XL: |  1  2 |
---------------+-------+-----
Fighting       | 1 |  1.0
Maces & Flails | 1 2 |  2.1
Shields        | |  1.7
Spellcasting   | |  1.0
Summonings     | |  5.0
Transmutations | |  1.7

Action                   || total
-------------------------++-------
Melee: Club              ||    68
       Mace              ||    37
  Use: Scroll            ||     1
       Potion            ||     1
 Stab: Sleeping          ||     3
  Eat: Chunk             ||     3
Armor: Robe              ||    20
Dodge: Dodged            ||    65
Block: Shield            ||    13

Vault maps used:
D:1:      onia_arrival_larder, serial_forest, infiniplex_forest_straight_3,
          infiniplex_forest_clump_double, infiniplex_forest_lined_corner,
          infiniplex_forest_lined_3_way, infiniplex_forest_fountain,
          infiniplex_forest_corner_2, infiniplex_forest_clump_small,
          serial_park_tiny_1, solitary_fountain, st_stairs_13,
          columned_hall_lemuel

Table legend:
 A = Turns spent in this place as a percentage of turns spent in the entire game.
 B = Non-inter-level travel turns spent in this place as a percentage of non-inter-level travel turns spent in the entire game.
 C = Inter-level travel turns spent in this place as a percentage of turns spent in this place.
 D = Turns resting spent in this place as a percentage of non-inter-level travel turns spent in this place.
 E = Turns spent auto-exploring this place as a percentage of non-inter-level travel turns spent in this place.
 F = Non-inter-level travel turns spent in this place divided by the number of levels of this place that you've seen.
                   A       B       C       D       E      F
               +-------+-------+-------+-------+-------+----------------------
         Total | 100.0 | 100.0 |   0.0 |   8.8 |   5.5 | 397.0
       Dungeon | 100.0 | 100.0 |   0.0 |   8.8 |   5.5 | 397.0
               +-------+-------+-------+-------+-------+----------------------

Table legend:
 A = Kills in this place as a percentage of kills in entire the game.
 B = Kills by you in this place as a percentage of kills by you in the entire game.
 C = Kills by friends in this place as a percentage of kills by friends in the entire game.
 D = Other kills in this place as a percentage of other kills in the entire game.
 E = Experience gained in this place as a percentage of experience gained in the entire game.
 F = Experience gained in this place divided by the number of levels of this place that you have seen.
                   A       B       C       D       E      F
               +-------+-------+-------+-------+-------+----------------------
         Total | 100.0 | 100.0 |  -nan |  -nan | 100.0 |  41.0
       Dungeon | 100.0 | 100.0 |  -nan |  -nan | 100.0 |  41.0
               +-------+-------+-------+-------+-------+----------------------
